 Dungeon Crawl Stone Soup version 0.19-a0-1051-gdb7e7f8 (webtiles) character file.

422 Jmtri7 the Covert (level 6, -1/50 HPs)
             Began as a Deep Dwarf Artificer on Aug 1, 2016.
             Was a Believer of Pakellas.
             Killed from afar by Blork the orc (4 damage)
             ... with a puff of flame
             ... on level 4 of the Dungeon.
             The game lasted 00:17:19 (2999 turns).

Jmtri7 the Covert (Deep Dwarf Artificer)            Turns: 2999, Time: 00:17:20

Health: -1/50      AC:  6    Str: 16    XL:     6   Next: 63%
Magic:  1/9        EV: 12    Int: 11    God:    Pakellas [**....]
Gold:   109        SH:  0    Dex: 15    Spells: 0 memorised, 5 levels left

rFire  . . .     SeeInvis .     w - -3 short sword (curse)
rCold  . . .     Gourm    .     x - -2 leather armour (curse)
rNeg   . . .     Faith    .     (no shield)
rPois  .         Spirit   .     l - +2 helmet
rElec  .         Dismiss  .     n - +1 cloak
rCorr  .         Reflect  .     (no gloves)
SustAt .         Harm     .     (no boots)
MR     .....                    (no amulet)
Stlth  +++++.....               (no ring)
                                i - ring of stealth

@: non-regenerating, not resistant to hostile enchantments, quite stealthy
A: damage resistance, recharge devices, sense surroundings 1, slow regeneration
3
a: Device Recharging, Quick Charge, Renounce Religion


You were on level 4 of the Dungeon.
You worshipped Pakellas.
Pakellas was pleased with you.
You were hungry.

You visited 1 branch of the dungeon, and saw 4 of its levels.

You collected 109 gold pieces.

Inventory:

Hand Weapons
 h - a +2 short sword of speed
 k - a +1 dagger of holy wrath
 w - a cursed -3 short sword (weapon)
Armour
 l - a +2 helmet (worn)
 n - a +1 cloak (worn)
 p - a +0 robe
 x - a cursed -2 leather armour (worn)
Jewellery
 i - a ring of stealth (left hand)
Wands
 c - a wand of flame (15/48)
 d - a wand of enslavement (15/24)
 e - a wand of random effects (15/48)
 f - a wand of heal wounds (1/9)
 m - a wand of paralysis (13/24)
 v - a wand of polymorph (19/24)
Scrolls
 j - 2 scrolls of blinking
 t - a scroll of fear
 u - a scroll of teleportation
Potions
 a - a potion of heal wounds {unknown}
 o - a potion of flight {unknown}
 r - a potion of might {unknown}
 s - a potion of curing {unknown}
 z - a potion of magic {unknown}
Miscellaneous
 q - a box of beasts
Comestibles
 b - a beef jerky
 g - 4 bread rations
 A - 2 chunks of flesh


   Skills:
 - Level 0.8 Fighting
 - Level 0.8 Short Blades
 - Level 2.1 Dodging
 + Level 8.8 Stealth
 - Level 4.5 Evocations


You had 5 spell levels left.
You didn't know any spells.

Dungeon Overview and Level Annotations

Branches:
Dungeon (4/15)
 Temple: D:4-7

Altars:
Elyvilon
Gozag
Pakellas
Qazlal
Ru
Sif Muna
Vehumet
Yredelemnul

Annotations:
D:4 1 runed door, Blork the orc


Innate Abilities, Weirdness & Mutations

You are resistant to damage.
You can recharge devices by infusing magical energy.
You passively map a small area around you.
You do not regenerate naturally.


Message History

What are your orders? t - Shout!
Orders for allies: a - Attack new target. r - Retreat! s - Stop attacking. g - Guard the area. f - Follow me.
Anything else - Cancel.
Gang up on whom?
Press: ? - help, Dir - move target cursor There's nothing there!
You closely miss something. Something hits you but does no damage.
You miss something. Something hits you.
You barely miss something. Something hits you!
* * * LOW HITPOINT WARNING * * *
Charge which item? (? for menu, Esc to quit)
Your wand of heal wounds (0/9) glows for a moment and now has 1 charge.
You hear some strange, mumbled words.
A puff of flame appears from out of thin air!
The puff of flame hits you!
You die...
Pakellas says: Back to the drawing board!

.....#.....####...###...
.....#.....#8.#####.8...
.....#.....#............
.....#.........#+#......
.....#.........#p#......
.....#.....#...###..$...
,
.....#.....+............
.....#.....#...{######..,
###+##.....#....@....# ,
* ...........#...H.....#
...........#.........# *
..... ######....# , .....
,,* ....+ , ..... , ,
....# , ##### ....# , , ,
*, ....# , , ,,


You could see a friendly larval batshock beast.

Vanquished Creatures
  A necrophage (D:3)
  A giant frog (D:3)
  A howler monkey (D:4)
  2 orc priests (D:3)
  4 adders
  An ooze (D:2)
  2 worms (D:3)
  4 dart slugs
  3 giant geckos
  10 orcs
  2 ball pythons
  8 giant cockroaches
  7 goblins
  11 hobgoblins
  10 kobolds
  A ball python skeleton (D:4)
  9 bats
  3 giant newts
  A goblin skeleton (D:4)
  7 rats
88 creatures vanquished.

Vanquished Creatures (collateral kills)
  A scorpion (D:4)
  4 orcs (D:4)
5 creatures vanquished.

Grand Total: 93 creatures vanquished

Notes
Turn   | Place    | Note
-------+----------+-------------------------------------------
     0 | D:1      | Jmtri7 the Deep Dwarf Artificer began the quest for the Orb.
     0 | D:1      | Reached XP level 1. HP: 16/16 MP: 3/3
    88 | D:1      | Reached skill level 2 in Stealth
    97 | D:1      | Reached XP level 2. HP: 10/24 MP: 5/5
   114 | D:1      | HP: 1/24 [hobgoblin/club (5)]
   429 | D:1      | Reached skill level 3 in Stealth
   699 | D:2      | Reached XP level 3. HP: 30/30 MP: 6/6
   891 | D:2      | Reached skill level 4 in Stealth
   928 | D:2      | Found an oddly glowing altar of Pakellas.
   932 | D:2      | Became a worshipper of Pakellas the Inventive
   968 | D:2      | Found a stormy altar of Qazlal.
  1139 | D:2      | Found a radiant altar of Vehumet.
  1140 | D:2      | Found a white marble altar of Elyvilon.
  1149 | D:2      | Reached XP level 4. HP: 25/37 MP: 7/7
  1327 | D:3      | Reached skill level 5 in Stealth
  1386 | D:3      | Reached skill level 6 in Stealth
  1386 | D:3      | Reached XP level 5. HP: 43/43 MP: 8/8
  1471 | D:3      | Reached * piety under Pakellas
  1471 | D:3      | Received a gift from Pakellas
  1573 | D:3      | Found a sacrificial altar of Ru.
  1756 | D:3      | Noticed a necrophage
  1802 | D:3      | Killed a necrophage
  1802 | D:3      | Reached skill level 7 in Stealth
  1835 | D:3      | Reached XP level 6. HP: 18/47 MP: 9/9
  1846 | D:3      | Found a deep blue altar of Sif Muna.
  2131 | D:3      | Reached skill level 8 in Stealth
  2492 | D:3      | Found an opulent altar of Gozag.
  2533 | D:3      | Reached ** piety under Pakellas
  2533 | D:3      | Received a gift from Pakellas
  2937 | D:4      | Found a runed door.
  2937 | D:4      | Noticed a human
  2939 | D:4      | Found a basalt altar of Yredelemnul.
  2966 | D:4      | Noticed Blork the orc
  2999 | D:4      | Killed from afar by Blork the orc

Vault maps used:
D:1:      noname_arrival_rooms_in_the_neighbourhood, minmay_tetromino_o2
D:2:      grunt_qazlal_clouds, gammafunk_temple_overflow_pools,
          grunt_pakellas_basics
D:3:      old_standard_altar, nicolae_overflow_crystal_walls,
          old_standard_altar, first_bread, nicolae_underground_beach
D:4:      nicolae_overflow_hidden_temple, dk_yredelemnul_ordeal,
          uniq_blork_the_orc

Skill      XL: |  1  2  3  4  5  6 |
---------------+-------------------+-----
Stealth        | 2 3 4 6 7 8 |  8.8
Fighting       | |  0.8
Short Blades   | |  0.8
Dodging        | |  2.1
Evocations     | |  4.5

Action                   |  1- 3 |  4- 6 || total
-------------------------+-------+-------++-------
Melee: Short sword       |   110 |   398 ||   508
Invok: Quick Charge      |       |     5 ||     5
Evoke: Wand              |     2 |     7 ||     9
       Box of beasts     |       |     2 ||     2
  Use: Scroll            |     2 |     6 ||     8
 Stab: Sleeping          |     7 |    12 ||    19
  Eat: Chunk             |     1 |     6 ||     7
Armor: Leather armour    |     1 |    88 ||    89
       Skin              |     6 |       ||     6
       Robe              |     9 |    30 ||    39
Dodge: Dodged            |    53 |   248 ||   301
